cohdb
Replays
Latest Replays
All Replays
Popular Replays
Top Player Replays
Match Explorer
How It Works
Community
CoH3 Stats
Reddit
Sign in to upload your games and track your stats! →
Sign in with Steam
Match 42228099
Unlisted
Match 42228099
Overview
Messages
Build Orders
End
Engineer Squad
Construct Weapon Support Center
M1919 Machine Gun Team
Selects Heavy Weapons
Bazooka Squad
Air Support Center
M1919 Machine Gun Team
Selects M2HB .50cal Heavy Machine Gun
Engineer Squad
M3 Armored Personnel Carrier
Grasshopper Recon Run
M3 Armored Personnel Carrier
P-47 Strafing Run
M1919 Machine Gun Team
Selects Assault Carriers
Grasshopper Recon Run
Bazooka Squad
Improved M9 Bazooka Rockets
P-47 Strafing Run
Double Sortie
P-47 Strafing Run
Grasshopper Recon Run
Air Supremacy
Engineer Squad
P-47 Dive Bomb
Selects Halftrack Strongpoints
P-47 Strafing Run
Grasshopper Recon Run
Advanced Air Reconnaissance
Improved Aircraft Armor
P-47 Strafing Run
Grasshopper High-Altitude Recon Run
Ardy
kenleung
Licking the dog
SI-LAY-COW
고라니
수요자
Kim Jong-un
대석열
0
0
Comments
sign in to comment!
No comments posted yet!